BR (22 & UNDER)
QUINCY DOUGHBOYS @ YELLOWKNIFE CLAWS
08/16/2029
 
TOP OF THE 1ST
Quincy Doughboys batting - Pitching for Yellowknife Claws : RHP Germán Pérez
Pitching: RHP Germán Pérez
Batting: SHB Gonzalo López 0-0: Ground out 4-3 (Groundball, 34)
Batting: LHB Raúl Luna 0-0: Ball
1-0: Ball
2-0: Ball
3-0: Base on Balls
Batting: RHB Pedro Cuevas 0-0: Ball
1-0: Ball
2-0: Foul Ball, location: 2F
2-1: Called Strike
2-2: Grounds into double play, 4-6-3 (Groundball, 4)
Top of the 1st over - 0 runs, 0 hits, 0 errors, 0 left on base; Quincy 0 - Yellowknife 0
BOTTOM OF THE 1ST
Yellowknife Claws batting - Pitching for Quincy Doughboys : LHP Mike Drake
Pitching: LHP Mike Drake
Batting: RHB Sergio Ortíz 0-0: Ground out 4-3 (Groundball, 4D)
Batting: RHB Preston Church 0-0: Fly out, F8 (Flyball, 8LD)
Batting: LHB Richard Shelton 0-0: Ball
1-0: Ball
2-0: Ball
3-0: Base on Balls
Batting: RHB Tomás Díaz 0-0: Foul Ball, location: 2F
0-1: Ball
1-1: Ball
2-1: Swinging Strike
2-2: Fielders Choice at 2nd, 5-4 (Groundball, 56)
Bottom of the 1st over - 0 runs, 0 hits, 0 errors, 1 left on base; Quincy 0 - Yellowknife 0
TOP OF THE 2ND
Quincy Doughboys batting - Pitching for Yellowknife Claws : RHP Germán Pérez
Batting: SHB David Bennett 0-0: Ball
1-0: Called Strike
1-1: Called Strike
1-2: Ball
2-2: Ball
3-2: Ground out 1-3 (Groundball, P)
Batting: RHB Louis Miller 0-0: Ball
1-0: Called Strike
1-1: Swinging Strike
1-2: Ball
2-2: Foul Ball, location: 2F
2-2: Strikes out swinging
Batting: LHB Rob Johnson 0-0: Fly out, F9 (Flyball, 9S)
Top of the 2nd over - 0 runs, 0 hits, 0 errors, 0 left on base; Quincy 0 - Yellowknife 0
BOTTOM OF THE 2ND
Yellowknife Claws batting - Pitching for Quincy Doughboys : LHP Mike Drake
Batting: RHB Mike Morrow 0-0: Ball
1-0: Ball
2-0: Called Strike
2-1: Ball
3-1: Called Strike
3-2: Fly out, F8 (Flyball, 8RM)
Batting: RHB Norberto Navarro 0-0: Ground out 6-3 (Groundball, 6S)
Batting: LHB Mike Bowers 0-0: Ball
1-0: Ball
2-0: Called Strike
2-1: Foul Ball, location: 2F
2-2: Ball
3-2: Strikes out swinging
Bottom of the 2nd over - 0 runs, 0 hits, 0 errors, 0 left on base; Quincy 0 - Yellowknife 0
TOP OF THE 3RD
Quincy Doughboys batting - Pitching for Yellowknife Claws : RHP Germán Pérez
Batting: LHB Buddy Jones 0-0: Ball
1-0: Swinging Strike
1-1: Foul Ball, location: 2F
1-2: Strikes out swinging
Batting: RHB Lewis Childress 0-0: Ball
1-0: Foul Ball, location: 2F
1-1: Foul Ball, location: 2F
1-2: Fly out, F8 (Line Drive, 78D)
Batting: RHB Miguel Martínez 0-0: Ball
1-0: Ball
2-0: Ball
3-0: Called Strike
3-1: SINGLE (Flyball, 34D)
Batting: SHB Gonzalo López 0-0: Fly out, F8 (Flyball, 8LM)
Top of the 3rd over - 0 runs, 1 hit, 0 errors, 1 left on base; Quincy 0 - Yellowknife 0
BOTTOM OF THE 3RD
Yellowknife Claws batting - Pitching for Quincy Doughboys : LHP Mike Drake
Batting: LHB Steve Blankenship 0-0: Called Strike
0-1: Ball
1-1: Fly out, F8 (Flyball, 8RD)
Batting: LHB Anzai Yamaguchi 0-0: Fly out, F8 (Flyball, 8RD)
Batting: RHB Sergio Ortíz 0-0: Called Strike
0-1: Called Strike
0-2: Strikes out swinging
Bottom of the 3rd over - 0 runs, 0 hits, 0 errors, 0 left on base; Quincy 0 - Yellowknife 0
TOP OF THE 4TH
Quincy Doughboys batting - Pitching for Yellowknife Claws : RHP Germán Pérez
Batting: LHB Raúl Luna 0-0: Called Strike
0-1: Fly out, F7 (Flyball, 7S)
Batting: RHB Pedro Cuevas 0-0: Ball
1-0: Ball
2-0: Reached on error, E4 (Groundball, 4)
Batting: SHB David Bennett 0-0: SINGLE (Groundball, 34D)
Pedro Cuevas to second
Runner from 2nd tries for 3rd, SAFE, no throw
Batting: RHB Louis Miller 0-0: Called Strike
0-1: Ball
1-1: Ball
2-1: Swinging Strike
2-2: Strikes out swinging
Batting: LHB Rob Johnson 0-0: Ball
1-0: Ball
2-0: Fielders Choice at 2nd, 6-4 (Groundball, 6)
Top of the 4th over - 0 runs, 1 hit, 1 error, 2 left on base; Quincy 0 - Yellowknife 0
BOTTOM OF THE 4TH
Yellowknife Claws batting - Pitching for Quincy Doughboys : LHP Mike Drake
Batting: RHB Preston Church 0-0: Called Strike
0-1: Ball
1-1: Fly out, F9 (Flyball, 89M)
Batting: LHB Richard Shelton 0-0: Ball
1-0: Called Strike
1-1: Foul Ball, location: 2F
1-2: SINGLE (Flyball, 9S)
Batting: RHB Tomás Díaz 0-0: Ball
1-0: Called Strike
1-1: Fielders Choice at 2nd, 5-4 (Groundball, 56)
Batting: RHB Mike Morrow 0-0: Ball
1-0: Called Strike
1-1: Ball
2-1: SINGLE (Groundball, 4MD)
Tomás Díaz to second
Runner from 2nd tries for 3rd, SAFE, no throw
Batting: RHB Norberto Navarro 0-0: Ball
1-0: Ball
2-0: Fly out, F7 (Line Drive, 7LM)
Bottom of the 4th over - 0 runs, 2 hits, 0 errors, 2 left on base; Quincy 0 - Yellowknife 0
TOP OF THE 5TH
Quincy Doughboys batting - Pitching for Yellowknife Claws : RHP Germán Pérez
Batting: LHB Buddy Jones 0-0: Ball
1-0: Ball
2-0: Ball
3-0: Base on Balls
Batting: RHB Lewis Childress 0-0: Called Strike
0-1: Ball
1-1: Ball
2-1: Ball
3-1: Fly out, F7 (Flyball, 7LM)
Batting: RHB Miguel Martínez 0-0: Ball
1-0: Called Strike
1-1: Ball
2-1: Called Strike
2-2: Ball
3-2: Base on Balls
Buddy Jones to second
Batting: SHB Gonzalo López 0-0: DOUBLE (Flyball, 8LD)
Buddy Jones scores
Miguel Martínez to third
Batting: LHB Raúl Luna 0-0: Called Strike
0-1: Swinging Strike
0-2: Strikes out looking
Batting: RHB Pedro Cuevas 0-0: Called Strike
0-1: Ball
1-1: SINGLE (Groundball, 6MS) (infield hit)
Miguel Martínez scores
Gonzalo López to third
Batting: SHB David Bennett 0-0: Ball
1-0: Swinging Strike
1-1: SINGLE (Flyball, 9LS)
Gonzalo López scores
Pedro Cuevas to second
Runner from 2nd tries for 3rd, SAFE, no throw
Batting: RHB Louis Miller 0-0: Foul Ball, location: 2F
0-1: Called Strike
0-2: Ball
1-2: Foul Ball, location: 2F
1-2: Ball
2-2: Ball
3-2: SINGLE (Flyball, 8LS)
Pedro Cuevas scores
David Bennett to second
David Bennett to third
Batting: LHB Rob Johnson 0-0: Swinging Strike
0-1: Foul Ball, location: 2F
0-2: Ball
1-2: Ground out 4-3 (Groundball, 4)
Top of the 5th over - 4 runs, 4 hits, 0 errors, 2 left on base; Quincy 4 - Yellowknife 0
BOTTOM OF THE 5TH
Yellowknife Claws batting - Pitching for Quincy Doughboys : LHP Mike Drake
Batting: LHB Mike Bowers 0-0: Ball
1-0: Ball
2-0: Called Strike
2-1: Foul Ball, location: 2F
2-2: Ground out 4-3 (Groundball, 4)
Batting: LHB Steve Blankenship 0-0: Called Strike
0-1: Ball
1-1: Foul Ball, location: 2F
1-2: Ball
2-2: Ground out 4-3 (Groundball, 4)
Batting: LHB Anzai Yamaguchi 0-0: Ball
1-0: Ball
2-0: Called Strike
2-1: Swinging Strike
2-2: Ball
3-2: Strikes out swinging
Bottom of the 5th over - 0 runs, 0 hits, 0 errors, 0 left on base; Quincy 4 - Yellowknife 0
TOP OF THE 6TH
Quincy Doughboys batting - Pitching for Yellowknife Claws : RHP Germán Pérez
Pitching: RHP Roberto Martínez
Batting: LHB Buddy Jones 0-0: Called Strike
0-1: Called Strike
0-2: Foul Ball, location: 2F
0-2: Ball
1-2: Foul Ball, location: 2F
1-2: Ball
2-2: Strikes out swinging
Batting: RHB Lewis Childress 0-0: Called Strike
0-1: Foul Ball, location: 2F
0-2: SINGLE (Groundball, 56S) (infield hit)
Batting: RHB Miguel Martínez 0-0: Ball
1-0: Called Strike
1-1: Ball
2-1: Swinging Strike
2-2: Strikes out swinging
Batting: SHB Gonzalo López 0-0: Ball
1-0: Ball
2-0: Called Strike
2-1: SINGLE (Flyball, 9S)
Lewis Childress to second
Runner from 2nd tries for 3rd, SAFE, no throw
Batting: LHB Raúl Luna 0-0: Foul Ball, location: 2F
0-1: Foul Ball, location: 2F
0-2: Ball
1-2: Foul Ball, location: 2F
1-2: Ball
2-2: Strikes out looking
Top of the 6th over - 0 runs, 2 hits, 0 errors, 2 left on base; Quincy 4 - Yellowknife 0
BOTTOM OF THE 6TH
Yellowknife Claws batting - Pitching for Quincy Doughboys : LHP Mike Drake
Batting: RHB Sergio Ortíz 0-0: Fly out, F9 (Line Drive, 9)
Batting: RHB Preston Church 0-0: Called Strike
0-1: Ground out 6-3 (Groundball, 6)
Batting: LHB Richard Shelton 0-0: Foul Ball, location: 2F
0-1: Foul Ball, location: 2F
0-2: Strikes out swinging
Bottom of the 6th over - 0 runs, 0 hits, 0 errors, 0 left on base; Quincy 4 - Yellowknife 0
TOP OF THE 7TH
Quincy Doughboys batting - Pitching for Yellowknife Claws : RHP Roberto Martínez
Batting: RHB Pedro Cuevas 0-0: Ball
1-0: Ball
2-0: Ball
3-0: Base on Balls
Batting: SHB David Bennett 0-0: Swinging Strike
0-1: Ball
1-1: SINGLE (Line Drive, 56D)
Pedro Cuevas to second
Batting: RHB Louis Miller 0-0: Called Strike
0-1: Ball
1-1: SINGLE (Flyball, 8LS)
Pedro Cuevas to third
David Bennett to second
Batting: LHB Rob Johnson 0-0: Called Strike
0-1: Foul Ball, location: 2F
0-2: Ball
1-2: Hit by Pitch
Pedro Cuevas scores
David Bennett to third
Louis Miller to second
Batting: LHB Buddy Jones 0-0: Ball
1-0: Foul Ball, location: 2F
1-1: Ball
2-1: DOUBLE (Flyball, 78D)
David Bennett scores
Louis Miller scores
Rob Johnson to third
Batting: RHB Lewis Childress 0-0: SINGLE (Line Drive, 6M)
Rob Johnson scores
Buddy Jones to third
Runner from 3rd tries for Home, SAFE, no throw
Batting: RHB Miguel Martínez 0-0: Ball
1-0: Called Strike
1-1: Ball
2-1: Ball
3-1: Called Strike
3-2: Strikes out looking
Lewis Childress steals 2nd base
Batter strikes out.
Batting: SHB Gonzalo López 0-0: Ball
Lewis Childress steals 3rd base
1-0: DOUBLE (Line Drive, 78M)
Lewis Childress scores
Batting: LHB Raúl Luna 0-0: Called Strike
0-1: Foul Ball, location: 2F
0-2: Fly out, F8 (Flyball, 8LD)
Batting: RHB Pedro Cuevas 0-0: Ball
1-0: Called Strike
1-1: Fly out, F7 (Line Drive, 7D)
Top of the 7th over - 6 runs, 5 hits, 0 errors, 1 left on base; Quincy 10 - Yellowknife 0
BOTTOM OF THE 7TH
Yellowknife Claws batting - Pitching for Quincy Doughboys : LHP Mike Drake
Batting: RHB Tomás Díaz 0-0: Ball
1-0: Foul Ball, location: 2F
1-1: Swinging Strike
1-2: Foul Ball, location: 2F
1-2: Ball
2-2: Foul Ball, location: 2F
2-2: Foul Ball, location: 2F
2-2: Ball
3-2: Fly out, F3 (Popup, 34)
Batting: RHB Mike Morrow 0-0: Called Strike
0-1: Ground out 4-3 (Groundball, 4)
Batting: RHB Norberto Navarro 0-0: SINGLE (Flyball, 89M)
Batting: LHB Mike Bowers 0-0: Called Strike
0-1: Ball
1-1: Ball
2-1: Foul Ball, location: 2F
2-2: Ball
3-2: Foul Ball, location: 2F
3-2: Fly out, F9 (Flyball, 9LM)
Bottom of the 7th over - 0 runs, 1 hit, 0 errors, 1 left on base; Quincy 10 - Yellowknife 0
TOP OF THE 8TH
Quincy Doughboys batting - Pitching for Yellowknife Claws : RHP Roberto Martínez
Batting: SHB David Bennett 0-0: Called Strike
0-1: Ball
1-1: DOUBLE (Flyball, 89D)
Batting: RHB Louis Miller 0-0: Fly out, F9 (Flyball, 9S)
Batting: LHB Rob Johnson 0-0: Ground out 1-3 (Groundball, 13S)
David Bennett to third
Batting: LHB Buddy Jones 0-0: Ball
1-0: Fly out, F9 (Flyball, 9D)
Top of the 8th over - 0 runs, 1 hit, 0 errors, 1 left on base; Quincy 10 - Yellowknife 0
BOTTOM OF THE 8TH
Yellowknife Claws batting - Pitching for Quincy Doughboys : LHP Mike Drake
Batting: LHB Steve Blankenship 0-0: Fly out, F7 (Flyball, 7LM)
Batting: LHB Anzai Yamaguchi 0-0: Ball
1-0: Ground out 4-3 (Groundball, 4M)
Batting: RHB Sergio Ortíz 0-0: Called Strike
0-1: Called Strike
0-2: Ball
1-2: Foul Ball, location: 2F
1-2: SINGLE (Groundball, 4MD)
Batting: RHB Preston Church 0-0: SINGLE (Groundball, 6MD)
Sergio Ortíz to second
Runner from 2nd tries for 3rd, SAFE, throw made to third
Batting: LHB Richard Shelton 0-0: Ball
1-0: Called Strike
1-1: Ball
2-1: Fly out, F9 (Flyball, 89S)
Bottom of the 8th over - 0 runs, 2 hits, 0 errors, 2 left on base; Quincy 10 - Yellowknife 0
TOP OF THE 9TH
Quincy Doughboys batting - Pitching for Yellowknife Claws : RHP Roberto Martínez
Batting: RHB Lewis Childress 0-0: Called Strike
0-1: Foul Ball, location: 2F
0-2: Ball
1-2: Foul Ball, location: 2F
1-2: Fly out, F4 (Popup, 34S)
Batting: RHB Miguel Martínez 0-0: Called Strike
0-1: Ball
1-1: Fly out, F4 (Popup, 4)
Batting: SHB Gonzalo López 0-0: Fly out, F7 (Flyball, 7D)
Top of the 9th over - 0 runs, 0 hits, 0 errors, 0 left on base; Quincy 10 - Yellowknife 0
BOTTOM OF THE 9TH
Yellowknife Claws batting - Pitching for Quincy Doughboys : LHP Mike Drake
Batting: RHB Tomás Díaz 0-0: Ball
1-0: Fly out, F9 (Flyball, 89D)
Batting: RHB Mike Morrow 0-0: Fly out, F6 (Popup, 6MD)
Batting: RHB Norberto Navarro 0-0: Ball
1-0: Ball
2-0: Called Strike
2-1: Ball
3-1: Fly out, F8 (Flyball, 8RS)
Bottom of the 9th over - 0 runs, 0 hits, 0 errors, 0 left on base; Quincy 10 - Yellowknife 0
Saturday, December 16th, 2017 - OOTP Baseball 18.8 Build 76